 Dungeon Crawl Stone Soup version 0.30.1-9-gdf580d7c3d (webtiles) character file.

Game seed: 13017409393451651825

599 Chiseanne the Trooper (level 7, -2/56 HPs)
             Began as a Demonspawn Wanderer on Oct 4, 2023.
             Slain by an orc warrior
             ... wielding a +0 halberd
              (5 damage)
             ... on level 7 of the Dungeon.
             The game lasted 00:09:47 (3662 turns).

Chiseanne the Trooper (Demonspawn Wanderer)         Turns: 3662, Time: 00:09:48

Health: -2/56      AC: 16    Str: 12    XL:     7   Next: 17%
Magic:  8/8        EV: 12    Int: 11    God:
Gold:   225        SH:  0    Dex: 17    Spells: 8/8 levels left

rFire   . . .        s - +0 quarterstaff
rCold   . . .        (shield currently unavailable)
rNeg    . . .        h - +0 ring mail
rPois   .            p - +0 helmet
rElec   .            k - +1 cloak
rCorr   .            (no gloves)
SInv    .            b - +0 pair of boots
Will    +....        (no amulet)
Stlth   ++           q - ring of willpower
HPRegen 0.29/turn    (no ring)
MPRegen 0.11/turn

%: no passive effects
@: sanguine armoured, on berserk cooldown, slowed, very slow
A: demonic guardian 1, sanguine armour 1, weakness stinger 1
a: no special abilities


You were on level 7 of the Dungeon.
You visited 1 branch of the dungeon, and saw 5 of its levels.

You collected 225 gold pieces.

Inventory:

Hand Weapons
 a - a +3 dagger
 e - a +0 spear
 i - a +0 long sword
 s - a +0 quarterstaff (weapon)
Missiles
 f - 54 stones (quivered)
Armour
 b - a +0 pair of boots (worn)
 h - a +0 ring mail (worn)
 k - a +1 cloak (worn)
 p - a +0 helmet (worn)
Jewellery
 q - a ring of willpower (left hand)
Scrolls
 j - 2 scrolls of teleportation
 o - a scroll of amnesia {unknown}
Potions
 c - 2 potions of haste
 d - 2 potions of curing
 n - a potion of mutation {unknown}


   Skills:
 * Level 5.4 Fighting
 * Level 3.7 Armour
 * Level 4.1 Dodging
 - Level 2.6 Stealth
 - Level 1.0 Spellcasting
 - Level 1.7 Translocations


You had 8 spell levels left.
You didn't know any spells.
Your spell library contained the following spells:

 Spells                   Type           Power      Damage    Failure   Level
 Lesser Beckoning         Tloc           8%         N/A       45%         2
 Magic Dart               Conj           0%         1d3       56%         1
 Momentum Strike          Conj/Tloc      4%         3d8       58%         2
 Searing Ray              Conj           0%         2d4       71%         2
 Fulminant Prism          Conj/Hex       0%         3d5       100%        4


Dungeon Overview and Level Annotations

Branches:
Dungeon (4/15)
 Temple: D:4-7

Altars:

Shops:
D:1 !

Annotations:
D:4 2 transporters, Beaer's ghost, weakling VSDe


Innate Abilities, Weirdness & Mutations

A weak demonic guardian rushes to your aid.
When seriously injured, your blood forms armour. (AC +6)
You have a small tail.


Message History

The orc warrior misses you. The orc hits you with a +0 flail.
* * * LOW HITPOINT WARNING * * *
A demonic guardian appears!
You hit the orc but do no damage.
Your ufetubus hits the orc but does no damage. x2
The orc warrior closely misses you. The orc barely misses you.
Your ufetubus hits the orc.
Your ufetubus hits the orc but does no damage.
The orc warrior hits you with a +0 halberd.
* * * LOW HITPOINT WARNING * * *
You barely miss the orc.
The orc is heavily wounded.
Your ufetubus barely misses the orc. x2; The orc barely misses you.
Your ufetubus hits the orc but does no damage. x2
The orc warrior misses you. The orc hits you with a +0 flail.
* * * LOW HITPOINT WARNING * * *
Your ufetubus hits the orc but does no damage.
Your ufetubus barely misses the orc.
The orc warrior hits you but does no damage.
You closely miss the orc.
Your tail-slap misses the orc.
The orc is heavily wounded.
Your ufetubus closely misses the orc.
Your ufetubus hits the orc but does no damage.
The orc barely misses you.
Your ufetubus closely misses the orc.
Your ufetubus hits the orc but does no damage.
The orc warrior misses you. The orc hits you with a +0 flail.
* * * LOW HITPOINT WARNING * * *
Your ufetubus hits the orc but does no damage.
Your ufetubus hits the orc.
The orc dies!
The orc warrior hits you but does no damage.
You closely miss the orc warrior.
The orc warrior is moderately wounded.
Your ufetubus hits the orc warrior. x2
The orc warrior hits you with a +0 halberd!
* * * LOW HITPOINT WARNING * * *
Your ufetubus hits the orc warrior but does no damage.
Your ufetubus closely misses the orc warrior.
The orc warrior hits you with a +0 halberd.
You die...

#.... .# #
###....#....# .
#...... .#.# #.
#.##.. ...
##.###.##.###.#
.............#
........5...#
#...)@o...#
#..####..## #..#
#..##.#
#####..####o....#
#......o5))..####
#.h.####.#######
## #.# #.# ###


You could see an orc warrior (ally target) and a friendly ufetubus (summoned).

Vanquished Creatures
  A kobold brigand (D:7)
  5 wights (D:7)
  2 hounds
  2 orc wizards
  4 gnolls
  2 adders (D:3)
  2 worms
  4 dart slugs
  7 orcs
  3 bats
  6 endoplasms
  3 giant cockroaches
  4 hobgoblins
  7 jackals
  7 kobolds
  2 quokkas (D:1)
  6 ball pythons
  3 frilled lizards
  6 goblins
  4 rats
80 creatures vanquished.

Vanquished Creatures (collateral kills)
  An iguana (D:3)
  An orc (D:7)
  A quokka (D:3)
3 creatures vanquished.

Grand Total: 83 creatures vanquished

Notes
Turn   | Place    | Note
-------+----------+-------------------------------------------
     0 | D:1      | Chiseanne the Demonspawn Wanderer began the quest for the
                  | Orb.
     0 | D:1      | Chiseanne set off with the following items: a +3 dagger, a
                  | scroll of blinking, a potion of haste, a +0 robe; and the
                  | following spells available to memorise: Lesser Beckoning,
                  | Momentum Strike.
     0 | D:1      | Reached XP level 1. HP: 18/18 MP: 2/2
   260 | D:1      | Gained mutation: A weak demonic guardian rushes to your
                  | aid. [demonic ancestry]
   260 | D:1      | Reached XP level 2. HP: 24/24 MP: 3/3
   265 | D:1      | Found Jitaisch's Distillery.
  1166 | D:2      | Reached skill level 1 in Armour
  1270 | D:2      | Reached XP level 3. HP: 29/29 MP: 4/4
  1945 | D:3      | Gained mutation: You have a small tail. [demonic ancestry]
  1945 | D:3      | Reached XP level 4. HP: 19/37 MP: 5/5
  2331 | D:3      | Reached skill level 4 in Fighting
  2857 | D:4      | Found a transporter.
  2874 | D:4      | Reached XP level 5. HP: 26/42 MP: 6/6
  2945 | D:4      | Found a transporter.
  3030 | D:3      | HP: 1/42 [iguana (8)]
  3458 | D:4      | Noticed Beaer's ghost (weakling VSDe)
  3484 | D:4      | You fall into a shaft and drop 3 floors!
  3514 | D:7      | Noticed a sky beast
  3557 | D:7      | Noticed a centaur
  3561 | D:7      | Noticed an orc warrior
  3589 | D:7      | Gained mutation: When seriously injured, your blood forms
                  | armour. (AC +6) [demonic ancestry]
  3589 | D:7      | Reached XP level 6. HP: 34/49 MP: 7/7
  3623 | D:7      | Reached skill level 5 in Fighting
  3629 | D:7      | Noticed an orc warrior
  3634 | D:7      | Reached XP level 7. HP: 21/56 MP: 8/8
  3662 | D:7      | Slain by an orc warrior

Illustrated notes

Levels and vault maps discovered:
D:1:      dpeg_arrival_rooms_with_view, layout_basic, serial_shops,
          nicolae_shop_trees
D:2:      layout_basic
D:3:      layout_rooms
D:4:      layout_basic, gammafunk_ghost_arena, kennysheep_generic_room_9,
          uniq_sigmund, uniq_pikel
D:7:      layout_basic, abandoned_shop, kennysheep_boxes

Skill      XL: |  1  2  3  4  5  6  7 |
---------------+----------------------+-----
Armour         | 1 2 3 |  3.7
Dodging        | 2 3 4 |  4.1
Fighting       | 4 5 |  5.4
Stealth        | |  2.6
Spellcasting   | |  1.0
Translocations | |  1.7

Action                     |  1- 3 |  4- 6 |  7- 9 || total
---------------------------+-------+-------+-------++-------
  Melee: Dagger            |   127 |   121 |       ||   248
         Tailslap          |       |    28 |     2 ||    30
         Punch             |       |     2 |       ||     2
         Quarterstaff      |       |    64 |    19 ||    83
  Throw: Stone             |       |     2 |       ||     2
    Use: Scroll            |     8 |     5 |       ||    13
         Potion            |       |     3 |     1 ||     4
   Stab: Sleeping          |     2 |     1 |       ||     3
         Invisible         |       |     1 |       ||     1
 Armour: Ring mail         |    55 |    56 |     5 ||   116
         Robe              |     1 |       |       ||     1
  Dodge: Dodged            |    70 |   101 |    16 ||   187
